[ AOE2 MATCH · #475194516 ]
UnrankedPersians vs Romans
[ REPLAY ANALYSIS · EXTRACTED FROM THE RECORDED GAME ]
Feudal
10:58
Castle
15:50
Imperial
31:26
| APM avg | 40.0 |
| APM peak | 115 |
| eAPM avg | 12.3 |
| Villagers / military | 107 / 235 |
Focus
⚔️ 31.5% · 🌾 68.5%
Knight ×230 · Trade Cart ×32 · Trebuchet (Packed) ×4 · Spearman ×1
Feudal
11:23
Castle
15:26
Imperial
34:34
| APM avg | 49.0 |
| APM peak | 105 |
| eAPM avg | 38.4 |
| Villagers / military | 154 / 466 |
Focus
⚔️ 36.3% · 🌾 63.7%
Spearman ×257 · Scorpion ×74 · Militia ×57 · Battering Ram ×34 · Scout Cavalry ×23 · Trade Cart ×22
Feudal
11:37
Castle
15:41
Imperial
31:24
| APM avg | 18.5 |
| APM peak | 35 |
| eAPM avg | 12.7 |
| Villagers / military | 129 / 445 |
Focus
⚔️ 37.8% · 🌾 62.2%
Knight ×237 · Skirmisher ×165 · Hand Cannoneer ×31 · Trebuchet (Packed) ×7 · Trade Cart ×6 · Coustillier ×4
Feudal
10:42
Castle
14:38
Imperial
32:19
| APM avg | 47.7 |
| APM peak | 90 |
| eAPM avg | 24.4 |
| Villagers / military | 142 / 739 |
Focus
⚔️ 36.1% · 🌾 63.9%
Spearman ×486 · Militia ×200 · Woad Raider ×30 · Battering Ram ×13 · Trade Cart ×7 · Mangonel ×5
Feudal
11:58
Castle
15:56
Imperial
29:37
| APM avg | 16.7 |
| APM peak | 55 |
| eAPM avg | 11.7 |
| Villagers / military | 177 / 513 |
Focus
⚔️ 35.6% · 🌾 64.4%
Hand Cannoneer ×246 · Camel Scout ×169 · Scout Cavalry ×92 · Monk ×4 · Trebuchet (Packed) ×2
Feudal
11:33
Castle
15:53
Imperial
36:08
| APM avg | 21.0 |
| APM peak | 38 |
| eAPM avg | 13.1 |
| Villagers / military | 127 / 455 |
Focus
⚔️ 41.4% · 🌾 58.6%
Militia ×286 · Spearman ×96 · Gbeto ×65 · Trade Cart ×33 · Trebuchet (Packed) ×4 · Mangonel ×2
Feudal
11:26
Castle
15:15
Imperial
29:02
| APM avg | 63.6 |
| APM peak | 126 |
| eAPM avg | 25.3 |
| Villagers / military | 161 / 650 |
Focus
⚔️ 31.0% · 🌾 69.0%
Spearman ×417 · Longbowman ×220 · Trebuchet (Packed) ×12 · Trade Cart ×7 · Militia ×1
Feudal
11:02
Castle
15:03
Imperial
30:14
| APM avg | 36.0 |
| APM peak | 91 |
| eAPM avg | 22.7 |
| Villagers / military | 253 / 449 |
Focus
⚔️ 35.2% · 🌾 64.8%
Skirmisher ×188 · Archer ×132 · Spearman ×120 · Unknown (1942) ×29 · Trade Cart ×8 · Unknown (1959) ×7
Match map
Initial resources + every placement click. Lines = walls · curves = elevation contours. ◆ gold · ⬟ stone · ● berries · ✦ relic · ◌ wall gap
Your base· ✓ Closed at 15:50 · 0t walls · 3 gate(s)
XTCmlx:f's base· ✓ Closed at 15:26 · 0t walls · 2 gate(s)
Relief's base· ✓ Closed at 15:41 · 0t walls · 2 gate(s)
Sir Winsalot's base· ✓ Closed at 14:38 · 0t walls · 3 gate(s)
jure's base· ✓ Closed at 15:56 · 0t walls · 3 gate(s)
PJtheDcoy's base· ✓ Closed at 15:53 · 0t walls · 3 gate(s)
Eye's base· ✓ Closed at 15:15 · 0t walls · 2 gate(s)
Quando's base· ✓ Closed at 15:03 · 0t walls · 2 gate(s)
Smoothed initial terrain · ◌ = detected wall gap · hover for details
Inputs per minute
— Fr4ggi - - XTCmlx:f
Build order — Fr4ggi
First 150 of 375 actions detected
| 0:02 | Queue | Villager (Male) |
| 0:02 | Queue | Villager (Male) |
| 0:04 | Build | House |
| 0:06 | Build | House |
| 0:09 | Queue | Villager (Male) |
| 1:12 | Queue | Villager (Male) |
| 1:27 | Queue | Villager (Male) |
| 1:50 | Build | Lumber Camp |
| 1:51 | Queue | Villager (Male) |
| 2:07 | Queue | Villager (Male) |
| 2:27 | Queue | Villager (Male) |
| 3:25 | Queue | Villager (Male) |
| 3:48 | Build | House |
| 4:00 | Queue | Villager (Male) |
| 4:17 | Queue | Villager (Male) |
| 4:17 | Queue | Villager (Male) |
| 4:47 | Build | Mill |
| 5:10 | Queue | Villager (Male) |
| 5:42 | Queue | Villager (Male) |
| 5:59 | Build | House |
| 6:05 | Queue | Villager (Male) |
| 6:31 | Queue | Villager (Male) |
| 6:32 | Queue | Villager (Male) |
| 6:44 | Queue | Villager (Male) |
| 7:02 | Build | Farm |
| 7:08 | Build | Farm |
| 7:20 | Queue | Villager (Male) |
| 7:53 | Queue | Villager (Male) |
| 8:05 | Build | Farm |
| 8:13 | Queue | Villager (Male) |
| 8:14 | Queue | Villager (Male) |
| 8:28 | Research | Feudal Age |
| 8:48 | Build | Mining Camp |
| 9:16 | Build | Barracks |
| 9:53 | Queue | Villager (Male) |
| 10:23 | Build | House |
| 10:55 | Build | Mill |
| 10:58 | Age | Feudal Age |
| 11:00 | Build | Farm |
| 11:15 | Queue | Villager (Male) |
| 11:34 | Build | Stable |
| 11:38 | Queue | Villager (Male) |
| 11:48 | Queue | Villager (Male) |
| 12:17 | Queue | Villager (Male) |
| 12:27 | Build | Blacksmith |
| 12:41 | Build | Farm |
| 13:03 | Build | Farm |
| 13:24 | Research | Castle Age |
| 13:31 | Build | House |
| 13:33 | Build | House |
| 13:41 | Queue | Villager (Male) |
| 14:05 | Build | Farm |
| 14:11 | Research | Bloodlines |
| 14:35 | Queue | Spearman |
| 15:12 | Research | Double-Bit Axe |
| 15:39 | Build | Farm |
| 15:39 | Build | Farm |
| 15:40 | Build | Farm |
| 15:40 | Build | Farm |
| 15:43 | Queue | Villager (Male) |
| 15:47 | Research | Scale Barding Armor |
| 15:49 | Research | Forging |
| 15:50 | Age | Castle Age |
| 16:08 | Queue | Villager (Male) |
| 16:24 | Build | Farm |
| 16:27 | Queue | Villager (Male) |
| 16:45 | Queue | Knight |
| 17:04 | Build | Farm |
| 17:10 | Queue | Villager (Male) |
| 17:16 | Build | House |
| 17:21 | Build | Farm |
| 17:22 | Queue | Villager (Male) |
| 17:28 | Queue | Knight |
| 17:39 | Research | Horse Collar |
| 17:55 | Build | Town Center |
| 18:00 | Queue | Villager (Male) |
| 18:05 | Build | House |
| 18:08 | Queue | Knight |
| 18:33 | Research | Husbandry |
| 18:40 | Queue | Villager (Male) |
| 19:21 | Queue | Knight |
| 19:24 | Queue | Villager (Male) |
| 19:30 | Build | Farm |
| 19:46 | Queue | Knight |
| 19:51 | Queue | Villager (Male) |
| 19:53 | Research | Gold Mining |
| 19:58 | Build | Mining Camp |
| 20:00 | Queue | Villager (Male) |
| 20:01 | Queue | Villager (Male) |
| 20:27 | Research | Bow Saw |
| 20:29 | Queue | Villager (Male) |
| 20:34 | Queue | Villager (Male) |
| 20:37 | Build | Farm |
| 20:59 | Queue | Knight |
| 21:07 | Build | House |
| 21:09 | Build | House |
| 21:12 | Queue | Villager (Male) |
| 21:15 | Queue | Villager (Male) |
| 21:22 | Build | Farm |
| 21:28 | Build | Farm |
| 21:29 | Build | Farm |
| 21:32 | Research | Heavy Plow |
| 21:33 | Queue | Villager (Male) |
| 21:42 | Build | Farm |
| 21:44 | Queue | Villager (Male) |
| 21:59 | Build | House |
| 22:02 | Queue | Knight |
| 22:07 | Build | Farm |
| 22:15 | Build | Farm |
| 22:17 | Queue | Villager (Male) |
| 22:20 | Queue | Villager (Male) |
| 22:22 | Build | Farm |
| 22:29 | Queue | Knight |
| 22:39 | Queue | Villager (Male) |
| 22:40 | Queue | Villager (Male) |
| 22:41 | Queue | Villager (Male) |
| 22:51 | Build | Farm |
| 22:54 | Build | Farm |
| 22:55 | Queue | Villager (Male) |
| 22:58 | Queue | Villager (Male) |
| 23:00 | Build | Farm |
| 23:06 | Queue | Knight |
| 23:12 | Build | House |
| 23:18 | Build | Farm |
| 23:20 | Queue | Villager (Male) |
| 23:36 | Build | Farm |
| 23:39 | Build | Farm |
| 23:44 | Build | Farm |
| 23:46 | Queue | Villager (Male) |
| 23:56 | Research | Wheelbarrow |
| 23:59 | Build | Farm |
| 24:09 | Research | Chain Barding Armor |
| 24:13 | Build | House |
| 24:24 | Queue | Villager (Male) |
| 24:28 | Queue | Villager (Male) |
| 24:35 | Queue | Villager (Male) |
| 24:45 | Build | Stable |
| 24:54 | Queue | Knight |
| 24:57 | Queue | Knight |
| 25:00 | Queue | Knight |
| 25:09 | Research | Iron Casting |
| 25:13 | Queue | Villager (Male) |
| 25:18 | Queue | Villager (Male) |
| 25:19 | Queue | Villager (Male) |
| 25:31 | Build | Farm |
| 25:32 | Queue | Villager (Male) |
| 25:40 | Build | House |
| 25:41 | Build | House |
| 25:48 | Queue | Villager (Male) |
| 25:57 | Build | Farm |
Build order — XTCmlx:f
First 150 of 914 actions detected
| 0:01 | Queue | Villager (Male) |
| 0:01 | Queue | Villager (Male) |
| 0:02 | Build | House |
| 0:03 | Build | House |
| 0:31 | Queue | Villager (Male) |
| 0:32 | Queue | Villager (Male) |
| 1:17 | Queue | Villager (Male) |
| 1:48 | Build | Lumber Camp |
| 1:52 | Queue | Villager (Male) |
| 1:52 | Queue | Villager (Male) |
| 2:02 | Queue | Villager (Male) |
| 2:03 | Queue | Villager (Male) |
| 2:38 | Queue | Villager (Male) |
| 2:57 | Queue | Villager (Male) |
| 2:58 | Queue | Villager (Male) |
| 3:19 | Queue | Villager (Male) |
| 3:30 | Build | House |
| 3:46 | Queue | Villager (Male) |
| 3:57 | Build | House |
| 3:58 | Build | House |
| 4:18 | Queue | Villager (Male) |
| 4:18 | Queue | Villager (Male) |
| 4:57 | Queue | Villager (Male) |
| 5:03 | Build | House |
| 5:14 | Queue | Villager (Male) |
| 5:20 | Build | Mill |
| 5:27 | Build | Mill |
| 5:35 | Build | House |
| 5:35 | Build | House |
| 5:41 | Queue | Villager (Male) |
| 6:01 | Queue | Villager (Male) |
| 6:01 | Queue | Villager (Male) |
| 6:21 | Queue | Villager (Male) |
| 6:22 | Queue | Villager (Male) |
| 6:45 | Queue | Villager (Male) |
| 7:21 | Queue | Villager (Male) |
| 7:36 | Build | Mining Camp |
| 8:23 | Queue | Villager (Male) |
| 8:26 | Research | Loom |
| 8:54 | Research | Feudal Age |
| 8:58 | Build | Farm |
| 9:00 | Build | Farm |
| 9:03 | Build | Farm |
| 9:05 | Build | Farm |
| 9:07 | Build | Farm |
| 9:17 | Build | Farm |
| 9:23 | Build | Farm |
| 10:28 | Queue | Villager (Male) |
| 10:28 | Queue | Villager (Male) |
| 11:23 | Age | Feudal Age |
| 11:27 | Build | Blacksmith |
| 11:30 | Build | Market |
| 11:49 | Build | House |
| 11:50 | Build | House |
| 11:56 | Build | Farm |
| 12:04 | Queue | Villager (Male) |
| 12:46 | Research | Castle Age |
| 12:46 | Research | Castle Age |
| 13:14 | Research | Double-Bit Axe |
| 14:35 | Research | Horse Collar |
| 14:44 | Build | Barracks |
| 14:48 | Queue | Villager (Male) |
| 14:48 | Queue | Villager (Male) |
| 15:18 | Queue | Villager (Male) |
| 15:26 | Age | Castle Age |
| 15:43 | Build | Siege Workshop |
| 15:49 | Queue | Villager (Male) |
| 15:53 | Research | Man-at-Arms (upgrade) |
| 16:33 | Queue | Battering Ram |
| 16:35 | Queue | Militia |
| 16:36 | Queue | Militia |
| 16:39 | Build | Barracks |
| 16:41 | Research | Forging |
| 16:41 | Research | Forging |
| 16:46 | Research | Long Swordsman (upgrade) |
| 16:50 | Queue | Villager (Male) |
| 16:51 | Queue | Villager (Male) |
| 16:51 | Queue | Villager (Male) |
| 17:13 | Queue | Militia |
| 17:13 | Queue | Militia |
| 17:37 | Build | Farm |
| 17:48 | Queue | Scorpion |
| 18:00 | Queue | Villager (Male) |
| 18:08 | Queue | Scorpion |
| 18:22 | Queue | Villager (Male) |
| 18:24 | Queue | Villager (Male) |
| 18:41 | Queue | Villager (Male) |
| 19:17 | Build | Town Center |
| 19:23 | Queue | Scorpion |
| 19:25 | Queue | Villager (Male) |
| 19:31 | Queue | Villager (Male) |
| 19:50 | Queue | Scorpion |
| 19:59 | Queue | Scorpion |
| 20:04 | Queue | Villager (Male) |
| 20:11 | Build | House |
| 20:14 | Queue | Villager (Male) |
| 20:14 | Queue | Villager (Male) |
| 20:16 | Queue | Villager (Male) |
| 20:16 | Queue | Villager (Male) |
| 20:20 | Queue | Scorpion |
| 20:30 | Build | Lumber Camp |
| 20:34 | Queue | Villager (Male) |
| 21:11 | Queue | Villager (Male) |
| 21:11 | Queue | Villager (Male) |
| 21:12 | Queue | Villager (Male) |
| 21:16 | Queue | Scorpion |
| 21:19 | Build | Town Center |
| 21:24 | Queue | Villager (Male) |
| 21:31 | Build | House |
| 21:37 | Queue | Scorpion |
| 21:52 | Build | Farm |
| 21:55 | Queue | Scorpion |
| 22:16 | Queue | Scorpion |
| 22:19 | Queue | Villager (Male) |
| 22:20 | Queue | Villager (Male) |
| 22:29 | Build | Farm |
| 22:33 | Build | Farm |
| 22:35 | Build | Farm |
| 22:43 | Queue | Villager (Male) |
| 22:46 | Build | Farm |
| 22:49 | Queue | Villager (Male) |
| 22:50 | Queue | Villager (Male) |
| 22:51 | Queue | Villager (Male) |
| 23:03 | Build | House |
| 23:09 | Build | House |
| 23:23 | Build | House |
| 23:25 | Build | House |
| 23:27 | Queue | Battering Ram |
| 23:32 | Queue | Villager (Male) |
| 23:34 | Queue | Villager (Male) |
| 23:34 | Queue | Villager (Male) |
| 23:35 | Queue | Villager (Male) |
| 23:35 | Queue | Villager (Male) |
| 23:44 | Build | Farm |
| 23:44 | Build | Farm |
| 23:46 | Build | Farm |
| 23:47 | Build | Farm |
| 23:49 | Build | Farm |
| 23:52 | Queue | Battering Ram |
| 24:38 | Queue | Scorpion |
| 24:50 | Build | Castle |
| 26:01 | Build | Lumber Camp |
| 26:03 | Queue | Villager (Male) |
| 26:04 | Build | Farm |
| 26:06 | Build | Farm |
| 26:09 | Build | Farm |
| 26:12 | Build | University |
| 26:16 | Queue | Battering Ram |
| 26:24 | Queue | Villager (Male) |
| 26:24 | Queue | Villager (Male) |
Build order — Relief
First 150 of 520 actions detected
| 0:02 | Queue | Villager (Male) |
| 0:02 | Queue | Villager (Male) |
| 0:02 | Queue | Villager (Male) |
| 0:04 | Build | House |
| 0:06 | Build | House |
| 0:31 | Queue | Villager (Male) |
| 1:48 | Queue | Villager (Male) |
| 2:04 | Build | Lumber Camp |
| 2:08 | Queue | Villager (Male) |
| 2:22 | Queue | Villager (Male) |
| 2:52 | Queue | Villager (Male) |
| 3:14 | Queue | Villager (Male) |
| 3:39 | Queue | Villager (Male) |
| 3:57 | Build | House |
| 3:58 | Build | House |
| 4:03 | Queue | Villager (Male) |
| 4:27 | Build | Mill |
| 4:43 | Queue | Villager (Male) |
| 5:00 | Queue | Villager (Male) |
| 5:29 | Queue | Villager (Male) |
| 5:52 | Queue | Villager (Male) |
| 6:04 | Queue | Villager (Male) |
| 6:11 | Build | Farm |
| 6:15 | Build | Farm |
| 6:22 | Queue | Villager (Male) |
| 6:27 | Build | Farm |
| 6:28 | Queue | Villager (Male) |
| 6:53 | Queue | Villager (Male) |
| 7:17 | Queue | Villager (Male) |
| 7:23 | Build | House |
| 7:46 | Build | Mining Camp |
| 8:27 | Queue | Villager (Male) |
| 8:35 | Build | Mining Camp |
| 9:02 | Queue | Villager (Male) |
| 9:05 | Research | Feudal Age |
| 9:31 | Build | Mill |
| 9:42 | Queue | Villager (Male) |
| 9:43 | Queue | Villager (Male) |
| 11:32 | Build | Farm |
| 11:37 | Age | Feudal Age |
| 11:40 | Build | Market |
| 12:12 | Build | Blacksmith |
| 13:01 | Research | Castle Age |
| 13:22 | Research | Double-Bit Axe |
| 13:51 | Research | Horse Collar |
| 14:02 | Queue | Villager (Male) |
| 15:41 | Age | Castle Age |
| 15:45 | Queue | Villager (Male) |
| 15:50 | Build | Town Center |
| 16:04 | Build | Castle |
| 16:11 | Queue | Villager (Male) |
| 16:40 | Build | House |
| 16:44 | Research | Loom |
| 17:13 | Build | Town Center |
| 17:15 | Queue | Villager (Male) |
| 17:17 | Queue | Villager (Male) |
| 17:24 | Queue | Villager (Male) |
| 17:26 | Build | House |
| 17:27 | Build | House |
| 17:36 | Queue | Villager (Male) |
| 17:40 | Build | Farm |
| 17:43 | Build | Farm |
| 17:52 | Queue | Villager (Male) |
| 17:54 | Queue | Villager (Male) |
| 18:11 | Queue | Villager (Male) |
| 18:12 | Queue | Villager (Male) |
| 18:28 | Build | Monastery |
| 18:30 | Queue | Villager (Male) |
| 18:32 | Build | House |
| 18:35 | Queue | Villager (Male) |
| 18:48 | Build | Farm |
| 18:49 | Queue | Villager (Male) |
| 18:52 | Queue | Villager (Male) |
| 19:18 | Build | Lumber Camp |
| 19:21 | Queue | Villager (Male) |
| 19:21 | Queue | Villager (Male) |
| 19:27 | Queue | Coustillier |
| 19:29 | Queue | Monk |
| 20:11 | Queue | Villager (Male) |
| 20:15 | Build | Farm |
| 20:17 | Build | Farm |
| 20:20 | Build | Farm |
| 20:25 | Build | Farm |
| 20:27 | Queue | Villager (Male) |
| 20:27 | Queue | Villager (Male) |
| 20:43 | Build | Farm |
| 20:45 | Research | Town Watch |
| 20:49 | Build | Farm |
| 20:50 | Build | Farm |
| 20:54 | Build | Farm |
| 20:58 | Build | House |
| 20:59 | Queue | Villager (Male) |
| 20:59 | Queue | Villager (Male) |
| 21:04 | Queue | Villager (Male) |
| 21:04 | Queue | Villager (Male) |
| 21:10 | Build | Farm |
| 21:16 | Build | Farm |
| 21:22 | Build | Farm |
| 21:27 | Build | Farm |
| 21:32 | Queue | Coustillier |
| 21:35 | Build | Farm |
| 21:38 | Build | Farm |
| 21:41 | Build | Farm |
| 21:41 | Queue | Villager (Male) |
| 21:43 | Queue | Villager (Male) |
| 22:16 | Queue | Villager (Male) |
| 22:17 | Queue | Villager (Male) |
| 22:17 | Queue | Villager (Male) |
| 22:26 | Build | Farm |
| 22:28 | Queue | Villager (Male) |
| 22:28 | Queue | Villager (Male) |
| 22:39 | Build | Farm |
| 22:40 | Build | Farm |
| 22:41 | Build | Farm |
| 22:49 | Build | Farm |
| 22:55 | Build | Farm |
| 22:55 | Build | Farm |
| 22:55 | Build | Farm |
| 22:56 | Build | Farm |
| 22:59 | Queue | Villager (Male) |
| 22:59 | Queue | Villager (Male) |
| 23:00 | Queue | Villager (Male) |
| 23:05 | Build | Farm |
| 23:10 | Queue | Villager (Male) |
| 23:10 | Queue | Villager (Male) |
| 23:10 | Queue | Villager (Male) |
| 23:16 | Build | Farm |
| 23:24 | Build | Farm |
| 23:31 | Queue | Villager (Male) |
| 23:32 | Queue | Villager (Male) |
| 23:39 | Build | House |
| 23:41 | Build | House |
| 23:42 | Build | House |
| 23:44 | Queue | Coustillier |
| 23:44 | Queue | Coustillier |
| 23:56 | Build | Farm |
| 24:07 | Queue | Villager (Male) |
| 24:07 | Queue | Villager (Male) |
| 24:21 | Queue | Villager (Male) |
| 24:21 | Queue | Villager (Male) |
| 24:24 | Queue | Villager (Male) |
| 24:33 | Research | Bow Saw |
| 24:36 | Research | Heavy Plow |
| 24:42 | Build | Farm |
| 24:46 | Queue | Villager (Male) |
| 24:46 | Queue | Villager (Male) |
| 24:48 | Research | Wheelbarrow |
| 25:06 | Build | Castle |
| 25:07 | Queue | Villager (Male) |
| 25:08 | Queue | Villager (Male) |
Build order — Sir Winsalot
First 150 of 592 actions detected
| 0:01 | Queue | Villager (Male) ×4 |
| 0:02 | Build | House |
| 0:03 | Build | House |
| 1:27 | Queue | Villager (Male) |
| 1:48 | Build | Lumber Camp |
| 2:09 | Queue | Villager (Male) |
| 2:09 | Queue | Villager (Male) |
| 2:36 | Queue | Villager (Male) |
| 2:36 | Queue | Villager (Male) |
| 2:51 | Queue | Villager (Male) |
| 3:03 | Build | House |
| 3:13 | Queue | Villager (Male) |
| 3:13 | Queue | Villager (Male) |
| 3:42 | Queue | Villager (Male) |
| 3:54 | Build | Mill |
| 3:58 | Queue | Villager (Male) |
| 4:42 | Queue | Villager (Male) |
| 4:42 | Queue | Villager (Male) |
| 5:26 | Queue | Villager (Male) |
| 5:36 | Queue | Villager (Male) |
| 5:37 | Queue | Villager (Male) |
| 5:41 | Build | Mill |
| 6:16 | Queue | Villager (Male) |
| 6:22 | Build | House |
| 6:27 | Build | House |
| 6:36 | Queue | Villager (Male) |
| 7:30 | Queue | Villager (Male) |
| 7:30 | Queue | Villager (Male) |
| 7:35 | Build | Mining Camp |
| 8:09 | Research | Feudal Age |
| 8:30 | Build | Mining Camp |
| 9:15 | Build | House |
| 10:35 | Research | Loom |
| 10:36 | Queue | Villager (Male) |
| 10:38 | Research | Loom |
| 10:40 | Queue | Villager (Male) |
| 10:40 | Research | Loom |
| 10:42 | Age | Feudal Age |
| 10:46 | Build | Market |
| 10:49 | Build | Blacksmith |
| 11:33 | Research | Castle Age |
| 11:34 | Research | Castle Age |
| 12:45 | Research | Double-Bit Axe |
| 13:26 | Queue | Villager (Male) |
| 13:46 | Queue | Villager (Male) |
| 13:48 | Research | Horse Collar |
| 13:51 | Build | Farm |
| 13:54 | Build | Farm |
| 13:56 | Build | Farm |
| 14:02 | Build | Farm |
| 14:38 | Age | Castle Age |
| 14:50 | Build | Castle |
| 15:05 | Build | Farm |
| 15:32 | Build | Siege Workshop |
| 15:33 | Queue | Villager (Male) |
| 15:36 | Build | House |
| 15:37 | Build | House |
| 15:46 | Build | Farm |
| 16:12 | Queue | Woad Raider |
| 16:18 | Build | Mining Camp |
| 16:25 | Queue | Villager (Male) |
| 16:25 | Queue | Villager (Male) |
| 16:27 | Build | Farm |
| 16:27 | Build | Farm |
| 16:28 | Build | Farm |
| 16:48 | Queue | Mangonel |
| 16:57 | Queue | Woad Raider |
| 17:15 | Queue | Villager (Male) |
| 17:18 | Build | Farm |
| 17:20 | Build | Farm |
| 17:53 | Queue | Villager (Male) |
| 18:00 | Queue | Mangonel |
| 18:13 | Queue | Villager (Male) |
| 18:19 | Queue | Villager (Male) |
| 18:34 | Research | Town Watch |
| 18:37 | Build | Farm |
| 18:39 | Build | Farm |
| 18:40 | Build | Farm |
| 18:51 | Queue | Villager (Male) |
| 19:19 | Queue | Villager (Male) |
| 19:30 | Queue | Villager (Male) |
| 19:30 | Queue | Villager (Male) |
| 19:38 | Queue | Mangonel |
| 19:47 | Queue | Villager (Male) |
| 19:59 | Queue | Villager (Male) |
| 19:59 | Queue | Villager (Male) |
| 20:11 | Build | Farm |
| 20:11 | Build | Farm |
| 20:12 | Build | Farm |
| 20:27 | Queue | Villager (Male) |
| 20:52 | Queue | Woad Raider |
| 20:54 | Build | Farm |
| 20:55 | Build | Farm |
| 21:02 | Queue | Villager (Male) |
| 21:02 | Queue | Villager (Male) |
| 21:10 | Queue | Woad Raider |
| 21:15 | Queue | Villager (Male) |
| 21:43 | Queue | Villager (Male) |
| 21:43 | Queue | Villager (Male) |
| 21:58 | Queue | Mangonel |
| 22:13 | Queue | Villager (Male) |
| 22:48 | Queue | Villager (Male) |
| 22:48 | Queue | Villager (Male) |
| 22:55 | Build | Castle |
| 23:01 | Queue | Villager (Male) |
| 23:02 | Queue | Villager (Male) |
| 23:12 | Queue | Woad Raider |
| 23:12 | Queue | Woad Raider |
| 23:16 | Queue | Villager (Male) |
| 23:37 | Queue | Mangonel |
| 23:49 | Build | Farm |
| 24:11 | Build | Farm |
| 24:23 | Queue | Woad Raider |
| 24:28 | Queue | Woad Raider |
| 24:28 | Queue | Woad Raider |
| 24:37 | Queue | Villager (Male) |
| 24:37 | Queue | Villager (Male) |
| 24:38 | Queue | Villager (Male) |
| 24:43 | Build | Farm |
| 24:46 | Build | Farm |
| 24:48 | Queue | Woad Raider |
| 24:49 | Queue | Woad Raider |
| 25:11 | Research | Fletching |
| 25:30 | Queue | Villager (Male) |
| 25:36 | Build | Farm |
| 25:38 | Build | Farm |
| 25:40 | Queue | Woad Raider |
| 25:40 | Queue | Woad Raider |
| 25:50 | Research | Scale Mail Armor |
| 26:00 | Queue | Villager (Male) |
| 26:00 | Queue | Villager (Male) |
| 26:16 | Build | Farm |
| 26:20 | Build | Farm |
| 26:48 | Build | Farm |
| 27:07 | Queue | Woad Raider |
| 27:11 | Queue | Woad Raider |
| 27:12 | Queue | Woad Raider |
| 27:16 | Queue | Villager (Male) |
| 27:23 | Queue | Villager (Male) |
| 27:25 | Queue | Woad Raider |
| 27:25 | Queue | Woad Raider |
| 28:07 | Build | Farm |
| 28:43 | Build | Castle |
| 28:50 | Queue | Villager (Male) |
| 29:07 | Research | Imperial Age |
| 29:16 | Queue | Woad Raider |
| 29:35 | Build | Barracks |
| 29:38 | Research | Forging |
| 29:53 | Build | Lumber Camp |
| 29:58 | Research | Bow Saw |
Build order — jure
First 150 of 464 actions detected
| 0:02 | Queue | Villager (Male) |
| 0:03 | Queue | Villager (Male) |
| 0:03 | Queue | Villager (Male) |
| 0:03 | Queue | Villager (Male) |
| 0:04 | Build | House |
| 0:06 | Build | House |
| 1:19 | Queue | Villager (Male) |
| 1:38 | Queue | Villager (Male) |
| 2:12 | Queue | Villager (Male) |
| 2:26 | Build | House |
| 2:27 | Build | House |
| 2:37 | Build | Lumber Camp |
| 2:40 | Queue | Villager (Male) |
| 3:19 | Queue | Villager (Male) |
| 3:43 | Queue | Villager (Male) |
| 3:54 | Queue | Villager (Male) |
| 3:54 | Queue | Villager (Male) |
| 4:29 | Queue | Villager (Male) |
| 4:54 | Queue | Villager (Male) |
| 5:59 | Build | Mill |
| 6:03 | Queue | Villager (Male) |
| 6:03 | Queue | Villager (Male) |
| 6:27 | Queue | Villager (Male) |
| 6:44 | Queue | Villager (Male) |
| 7:28 | Queue | Villager (Male) |
| 7:28 | Queue | Villager (Male) |
| 7:49 | Build | Mill |
| 7:55 | Queue | Villager (Male) |
| 7:55 | Queue | Villager (Male) |
| 8:24 | Build | House |
| 8:38 | Queue | Villager (Male) |
| 9:30 | Build | Mining Camp |
| 9:40 | Research | Feudal Age |
| 9:58 | Build | Farm |
| 10:02 | Build | Farm |
| 10:07 | Build | Farm |
| 10:17 | Queue | Villager (Male) |
| 10:18 | Queue | Villager (Male) |
| 11:12 | Build | Farm |
| 11:58 | Age | Feudal Age |
| 12:06 | Build | Market |
| 12:15 | Build | Blacksmith |
| 12:22 | Build | House |
| 13:16 | Research | Castle Age |
| 13:35 | Research | Double-Bit Axe |
| 13:47 | Research | Horse Collar |
| 14:25 | Queue | Villager (Male) |
| 14:26 | Queue | Villager (Male) |
| 15:56 | Age | Castle Age |
| 16:03 | Build | Monastery |
| 16:07 | Build | Town Center |
| 16:12 | Queue | Villager (Male) |
| 16:12 | Queue | Villager (Male) |
| 16:17 | Research | Bow Saw |
| 16:20 | Research | Heavy Plow |
| 16:37 | Queue | Monk |
| 16:37 | Queue | Monk |
| 16:55 | Build | Mill |
| 16:59 | Build | Farm |
| 16:59 | Build | Farm |
| 16:59 | Build | Farm |
| 17:00 | Build | Farm |
| 17:00 | Build | Farm |
| 17:00 | Build | Farm |
| 17:01 | Build | Farm |
| 17:18 | Queue | Villager (Male) |
| 17:19 | Queue | Villager (Male) |
| 17:26 | Build | House |
| 17:28 | Build | House |
| 17:30 | Build | House |
| 17:56 | Queue | Villager (Male) |
| 17:57 | Queue | Villager (Male) |
| 17:58 | Queue | Villager (Male) |
| 17:58 | Queue | Villager (Male) |
| 17:58 | Queue | Villager (Male) |
| 18:22 | Build | Farm |
| 18:32 | Build | Farm |
| 18:33 | Build | Farm |
| 18:33 | Build | Farm |
| 18:55 | Build | Lumber Camp |
| 19:06 | Queue | Villager (Male) |
| 19:06 | Queue | Villager (Male) |
| 19:06 | Queue | Villager (Male) |
| 19:47 | Queue | Villager (Male) |
| 19:48 | Queue | Villager (Male) |
| 19:48 | Queue | Villager (Male) |
| 19:48 | Queue | Villager (Male) |
| 20:11 | Queue | Villager (Male) |
| 20:12 | Queue | Villager (Male) |
| 20:12 | Queue | Villager (Male) |
| 20:12 | Queue | Villager (Male) |
| 20:22 | Build | Town Center |
| 20:26 | Queue | Villager (Male) |
| 20:27 | Queue | Villager (Male) |
| 20:27 | Queue | Villager (Male) |
| 20:31 | Build | House |
| 20:31 | Build | House |
| 20:34 | Build | House |
| 20:35 | Build | House |
| 20:37 | Build | House |
| 20:53 | Queue | Villager (Male) |
| 20:53 | Queue | Villager (Male) |
| 20:54 | Queue | Villager (Male) |
| 21:05 | Build | Barracks |
| 21:09 | Queue | Villager (Male) |
| 21:09 | Queue | Villager (Male) |
| 21:09 | Queue | Villager (Male) |
| 21:15 | Queue | Monk |
| 21:15 | Queue | Monk |
| 21:52 | Build | Stable |
| 21:53 | Build | Stable |
| 22:04 | Queue | Villager (Male) |
| 22:05 | Queue | Villager (Male) |
| 22:05 | Queue | Villager (Male) |
| 22:05 | Queue | Villager (Male) |
| 22:05 | Queue | Villager (Male) |
| 22:37 | Queue | Villager (Male) |
| 22:38 | Queue | Villager (Male) |
| 22:38 | Queue | Villager (Male) |
| 22:38 | Queue | Villager (Male) |
| 22:52 | Build | House |
| 22:52 | Build | House |
| 22:52 | Build | House |
| 22:53 | Build | House |
| 22:53 | Build | House |
| 22:53 | Build | House |
| 22:53 | Build | House |
| 22:54 | Build | House |
| 23:04 | Build | Mining Camp |
| 23:08 | Research | Bloodlines |
| 23:17 | Build | Stable |
| 23:19 | Build | Stable |
| 23:28 | Queue | Camel Scout |
| 23:28 | Queue | Camel Scout |
| 23:44 | Build | University |
| 23:51 | Build | Mining Camp |
| 23:55 | Research | Loom |
| 23:56 | Queue | Villager (Male) |
| 23:56 | Queue | Villager (Male) |
| 23:56 | Queue | Villager (Male) |
| 23:56 | Queue | Villager (Male) |
| 24:11 | Build | Farm |
| 24:12 | Build | Farm |
| 24:12 | Build | Farm |
| 24:12 | Build | Farm |
| 24:12 | Build | Farm |
| 24:19 | Build | Farm |
| 24:19 | Build | Farm |
| 24:19 | Build | Farm |
| 24:20 | Build | Farm |
Build order — PJtheDcoy
First 150 of 418 actions detected
| 0:00 | Queue | Villager (Male) |
| 0:00 | Queue | Villager (Male) |
| 0:01 | Queue | Villager (Male) |
| 0:01 | Queue | Villager (Male) |
| 0:02 | Build | House |
| 0:04 | Build | House |
| 1:33 | Queue | Villager (Male) |
| 1:53 | Build | Lumber Camp |
| 2:01 | Queue | Villager (Male) |
| 2:18 | Queue | Villager (Male) |
| 2:51 | Queue | Villager (Male) |
| 3:21 | Queue | Villager (Male) |
| 3:23 | Build | House |
| 3:38 | Queue | Villager (Male) |
| 4:05 | Queue | Villager (Male) |
| 4:32 | Queue | Villager (Male) |
| 4:35 | Queue | Villager (Male) |
| 5:09 | Queue | Villager (Male) |
| 5:09 | Queue | Villager (Male) |
| 5:32 | Build | Mill |
| 5:54 | Build | House |
| 6:05 | Queue | Villager (Male) |
| 6:05 | Queue | Villager (Male) |
| 6:50 | Build | Mill |
| 7:06 | Queue | Villager (Male) |
| 7:12 | Queue | Villager (Male) |
| 7:12 | Queue | Villager (Male) |
| 7:13 | Queue | Villager (Male) |
| 7:14 | Queue | Villager (Male) |
| 7:42 | Build | Mining Camp |
| 8:00 | Build | Mining Camp |
| 8:13 | Build | House |
| 9:23 | Research | Feudal Age |
| 9:26 | Queue | Villager (Male) |
| 9:34 | Queue | Villager (Male) |
| 11:33 | Age | Feudal Age |
| 11:42 | Build | Market |
| 11:51 | Build | Blacksmith |
| 11:56 | Queue | Villager (Male) |
| 11:58 | Research | Loom |
| 12:16 | Build | Farm |
| 12:16 | Build | Farm |
| 12:17 | Build | Farm |
| 12:17 | Build | Farm |
| 13:01 | Research | Castle Age |
| 13:07 | Build | House |
| 13:14 | Build | House |
| 13:15 | Build | House |
| 13:32 | Build | Barracks |
| 13:36 | Queue | Villager (Male) |
| 13:39 | Research | Horse Collar |
| 14:29 | Queue | Spearman |
| 14:31 | Research | Double-Bit Axe |
| 15:53 | Age | Castle Age |
| 15:53 | Queue | Villager (Male) |
| 15:54 | Queue | Villager (Male) |
| 16:13 | Build | Castle |
| 16:21 | Queue | Villager (Male) |
| 16:22 | Queue | Villager (Male) |
| 16:44 | Build | Farm |
| 16:46 | Build | Farm |
| 16:54 | Build | Farm |
| 17:07 | Queue | Villager (Male) |
| 17:07 | Queue | Villager (Male) |
| 17:10 | Build | Farm |
| 17:12 | Build | Farm |
| 17:13 | Build | Farm |
| 17:14 | Build | Farm |
| 17:16 | Build | Farm |
| 17:24 | Queue | Gbeto |
| 17:56 | Queue | Gbeto |
| 18:07 | Queue | Gbeto |
| 18:17 | Build | Mining Camp |
| 18:23 | Build | Farm |
| 18:24 | Build | Farm |
| 18:25 | Build | Farm |
| 18:29 | Build | Farm |
| 18:36 | Queue | Villager (Male) |
| 18:48 | Queue | Gbeto |
| 18:48 | Queue | Gbeto |
| 19:16 | Queue | Gbeto |
| 19:20 | Queue | Villager (Male) |
| 19:37 | Queue | Villager (Male) |
| 19:52 | Queue | Gbeto |
| 19:59 | Queue | Villager (Male) |
| 20:11 | Build | Town Center |
| 20:21 | Queue | Villager (Male) |
| 20:36 | Queue | Gbeto |
| 20:36 | Queue | Gbeto |
| 21:07 | Queue | Gbeto |
| 21:08 | Queue | Gbeto |
| 21:09 | Research | Squires |
| 22:15 | Queue | Gbeto |
| 22:15 | Queue | Gbeto |
| 22:24 | Research | Scale Mail Armor |
| 22:25 | Research | Forging |
| 22:29 | Queue | Villager (Male) |
| 22:32 | Build | Farm |
| 22:33 | Build | Farm |
| 22:34 | Build | Farm |
| 22:35 | Build | Farm |
| 22:38 | Queue | Villager (Male) |
| 22:46 | Queue | Gbeto |
| 22:53 | Queue | Villager (Male) |
| 23:14 | Build | Siege Workshop |
| 23:21 | Queue | Villager (Male) |
| 23:21 | Queue | Villager (Male) |
| 23:29 | Queue | Gbeto |
| 23:31 | Queue | Gbeto |
| 23:46 | Build | Farm |
| 23:46 | Build | Farm |
| 23:47 | Build | Farm |
| 23:50 | Queue | Villager (Male) |
| 23:50 | Queue | Villager (Male) |
| 23:52 | Queue | Gbeto |
| 23:57 | Queue | Mangonel |
| 24:35 | Queue | Gbeto |
| 24:35 | Queue | Gbeto |
| 24:38 | Queue | Villager (Male) |
| 24:38 | Queue | Villager (Male) |
| 26:05 | Queue | Villager (Male) ×5 |
| 26:05 | Queue | Villager (Male) |
| 26:17 | Build | Town Center |
| 26:22 | Research | Wheelbarrow |
| 26:31 | Research | Fletching |
| 26:36 | Queue | Gbeto ×5 |
| 26:38 | Queue | Mangonel |
| 26:49 | Research | Arson |
| 27:10 | Queue | Villager (Male) ×5 |
| 27:11 | Queue | Villager (Male) |
| 27:26 | Build | House |
| 27:27 | Build | House |
| 27:28 | Build | House |
| 27:28 | Build | House |
| 28:11 | Queue | Gbeto |
| 28:11 | Queue | Gbeto |
| 28:54 | Queue | Gbeto ×5 |
| 28:56 | Queue | Villager (Male) ×5 |
| 28:56 | Queue | Villager (Male) |
| 29:03 | Build | Farm |
| 29:03 | Build | Farm |
| 29:18 | Research | Iron Casting |
| 29:45 | Queue | Gbeto |
| 29:45 | Queue | Gbeto |
| 30:13 | Queue | Villager (Male) ×5 |
| 30:35 | Queue | Villager (Male) |
| 30:35 | Queue | Villager (Male) |
| 30:42 | Build | Mill |
| 30:42 | Build | Farm |
| 30:43 | Build | Farm |
Build order — Eye
First 150 of 605 actions detected
| 0:03 | Queue | Villager (Male) |
| 0:03 | Queue | Villager (Male) |
| 0:03 | Queue | Villager (Male) |
| 0:03 | Queue | Villager (Male) |
| 0:03 | Queue | Villager (Male) |
| 0:05 | Build | House |
| 0:06 | Build | House |
| 1:28 | Build | Lumber Camp |
| 1:38 | Queue | Villager (Male) |
| 2:10 | Queue | Villager (Male) |
| 2:10 | Queue | Villager (Male) |
| 2:34 | Queue | Villager (Male) |
| 3:05 | Build | House |
| 3:06 | Build | House |
| 3:13 | Queue | Villager (Male) |
| 3:28 | Queue | Villager (Male) |
| 3:29 | Queue | Villager (Male) |
| 3:32 | Build | House |
| 3:56 | Queue | Villager (Male) |
| 4:03 | Queue | Villager (Male) |
| 4:12 | Build | Mill |
| 4:53 | Queue | Villager (Male) |
| 5:15 | Queue | Villager (Male) |
| 5:40 | Queue | Villager (Male) |
| 5:53 | Queue | Villager (Male) |
| 6:46 | Queue | Villager (Male) |
| 6:47 | Queue | Villager (Male) |
| 6:47 | Queue | Villager (Male) |
| 7:04 | Queue | Villager (Male) |
| 7:16 | Build | Lumber Camp |
| 7:21 | Queue | Villager (Male) |
| 8:24 | Build | Farm |
| 8:29 | Queue | Villager (Male) |
| 8:35 | Research | Feudal Age |
| 8:56 | Build | Mining Camp |
| 9:20 | Build | Mining Camp |
| 9:40 | Build | Farm |
| 9:44 | Queue | Villager (Male) |
| 9:44 | Queue | Villager (Male) |
| 10:37 | Build | Farm |
| 11:21 | Build | House |
| 11:26 | Age | Feudal Age |
| 11:29 | Build | Market |
| 11:34 | Build | Blacksmith |
| 12:35 | Research | Castle Age |
| 12:35 | Research | Castle Age |
| 12:46 | Build | House |
| 12:47 | Build | House |
| 13:37 | Queue | Villager (Male) |
| 13:37 | Queue | Villager (Male) |
| 14:39 | Queue | Villager (Male) |
| 14:42 | Research | Double-Bit Axe |
| 14:43 | Research | Horse Collar |
| 14:43 | Research | Horse Collar |
| 15:15 | Age | Castle Age |
| 15:28 | Build | Town Center |
| 15:43 | Build | Town Center |
| 15:51 | Build | Town Center |
| 16:16 | Build | Farm |
| 16:28 | Queue | Villager (Male) |
| 16:28 | Queue | Villager (Male) |
| 16:34 | Build | Farm |
| 16:44 | Queue | Villager (Male) |
| 16:47 | Build | Farm |
| 16:50 | Build | Farm |
| 16:54 | Build | Farm |
| 16:58 | Build | Farm |
| 17:02 | Build | Farm |
| 17:05 | Build | Farm |
| 17:07 | Queue | Villager (Male) |
| 17:07 | Queue | Villager (Male) |
| 17:07 | Queue | Villager (Male) |
| 17:18 | Queue | Villager (Male) |
| 17:18 | Queue | Villager (Male) |
| 17:25 | Build | Farm |
| 17:33 | Queue | Villager (Male) |
| 17:33 | Queue | Villager (Male) |
| 17:33 | Queue | Villager (Male) |
| 17:51 | Queue | Villager (Male) |
| 17:58 | Build | Farm |
| 18:01 | Queue | Villager (Male) |
| 18:01 | Queue | Villager (Male) |
| 18:03 | Build | Farm |
| 18:08 | Build | Farm |
| 18:11 | Queue | Villager (Male) |
| 18:15 | Queue | Villager (Male) |
| 18:15 | Queue | Villager (Male) |
| 18:15 | Queue | Villager (Male) |
| 18:20 | Build | Farm |
| 18:24 | Build | Farm |
| 18:33 | Queue | Villager (Male) |
| 18:34 | Queue | Villager (Male) |
| 18:38 | Build | Farm |
| 18:41 | Queue | Villager (Male) |
| 18:44 | Build | Farm |
| 18:52 | Queue | Villager (Male) |
| 19:04 | Build | Castle |
| 19:08 | Queue | Villager (Male) |
| 19:13 | Build | Farm |
| 19:16 | Build | Farm |
| 19:18 | Queue | Villager (Male) |
| 19:18 | Queue | Villager (Male) |
| 19:22 | Queue | Villager (Male) |
| 19:22 | Queue | Villager (Male) |
| 19:22 | Queue | Villager (Male) |
| 19:27 | Build | Farm |
| 19:29 | Queue | Villager (Male) |
| 19:33 | Build | Farm |
| 19:36 | Queue | Villager (Male) |
| 19:43 | Build | Farm |
| 19:44 | Queue | Villager (Male) |
| 19:51 | Build | Farm |
| 19:52 | Queue | Villager (Male) |
| 20:00 | Build | Farm |
| 20:01 | Queue | Villager (Male) |
| 20:12 | Queue | Villager (Male) |
| 20:12 | Queue | Villager (Male) |
| 20:12 | Queue | Villager (Male) |
| 20:15 | Build | Farm |
| 20:19 | Queue | Villager (Male) |
| 20:24 | Build | Farm |
| 20:28 | Build | House |
| 20:32 | Build | House |
| 20:36 | Queue | Villager (Male) |
| 20:36 | Queue | Villager (Male) |
| 20:36 | Queue | Villager (Male) |
| 20:37 | Queue | Villager (Male) |
| 20:40 | Build | Farm |
| 21:00 | Build | House |
| 21:01 | Build | House |
| 21:02 | Build | House |
| 21:03 | Build | House |
| 21:09 | Research | Wheelbarrow |
| 21:10 | Queue | Villager (Male) |
| 21:10 | Queue | Villager (Male) |
| 21:10 | Queue | Villager (Male) |
| 21:16 | Build | Farm |
| 21:23 | Build | Farm |
| 21:29 | Queue | Villager (Male) |
| 21:29 | Queue | Villager (Male) |
| 21:29 | Queue | Villager (Male) |
| 21:40 | Build | Mining Camp |
| 21:42 | Queue | Villager (Male) |
| 21:42 | Queue | Villager (Male) |
| 21:51 | Build | Farm |
| 21:57 | Queue | Villager (Male) |
| 21:57 | Queue | Villager (Male) |
| 21:57 | Queue | Villager (Male) |
| 22:00 | Queue | Longbowman |
| 22:00 | Queue | Longbowman |
Build order — Quando
First 150 of 561 actions detected
| 0:00 | Queue | Villager (Male) |
| 0:00 | Queue | Villager (Male) |
| 0:01 | Queue | Villager (Male) |
| 0:01 | Queue | Villager (Male) |
| 0:03 | Build | House |
| 0:04 | Build | House |
| 1:23 | Queue | Villager (Male) |
| 1:55 | Build | Lumber Camp |
| 2:03 | Queue | Villager (Male) |
| 2:04 | Queue | Villager (Male) |
| 2:48 | Queue | Villager (Male) |
| 3:04 | Queue | Villager (Male) |
| 3:35 | Queue | Villager (Male) |
| 3:54 | Build | House |
| 3:55 | Build | House |
| 3:56 | Build | House |
| 4:04 | Queue | Villager (Male) |
| 4:40 | Queue | Villager (Male) |
| 4:40 | Queue | Villager (Male) |
| 4:47 | Queue | Villager (Male) |
| 5:30 | Queue | Villager (Male) |
| 5:38 | Queue | Villager (Male) |
| 6:22 | Build | Mill |
| 6:26 | Queue | Villager (Male) |
| 7:04 | Queue | Villager (Male) |
| 7:14 | Build | Farm |
| 7:17 | Build | Farm |
| 7:37 | Queue | Villager (Male) |
| 7:37 | Queue | Villager (Male) |
| 8:04 | Queue | Villager (Male) |
| 8:08 | Build | Mining Camp |
| 8:46 | Research | Feudal Age |
| 10:05 | Queue | Villager (Male) |
| 10:05 | Queue | Villager (Male) |
| 10:43 | Build | Farm |
| 10:45 | Build | Farm |
| 10:52 | Build | Farm |
| 11:02 | Age | Feudal Age |
| 11:03 | Build | Market |
| 11:05 | Build | Blacksmith |
| 11:39 | Queue | Villager (Male) |
| 12:23 | Research | Castle Age |
| 13:09 | Research | Double-Bit Axe |
| 13:10 | Research | Horse Collar |
| 13:37 | Queue | Villager (Male) |
| 13:45 | Build | House |
| 13:55 | Queue | Villager (Male) |
| 15:03 | Age | Castle Age |
| 15:07 | Build | Town Center |
| 15:25 | Build | Town Center |
| 15:27 | Research | Bow Saw |
| 15:33 | Build | Monastery |
| 15:34 | Build | House |
| 15:35 | Build | House |
| 15:39 | Research | Heavy Plow |
| 15:57 | Queue | Villager (Male) |
| 16:00 | Queue | Villager (Male) |
| 16:16 | Build | House |
| 16:22 | Queue | Monk |
| 16:25 | Queue | Villager (Male) |
| 16:54 | Build | Siege Workshop |
| 16:58 | Research | Loom |
| 16:59 | Queue | Villager (Male) |
| 16:59 | Queue | Villager (Male) |
| 17:05 | Build | Palisade Wall |
| 17:09 | Queue | Villager (Male) |
| 17:10 | Queue | Villager (Male) |
| 17:16 | Build | Farm |
| 17:22 | Queue | Villager (Male) |
| 17:22 | Queue | Villager (Male) |
| 17:25 | Queue | Villager (Male) |
| 17:25 | Queue | Villager (Male) |
| 17:28 | Build | Farm |
| 17:46 | Build | Palisade Wall |
| 17:47 | Queue | Villager (Male) |
| 17:48 | Queue | Villager (Male) |
| 17:52 | Queue | Mangonel |
| 18:04 | Build | Farm |
| 18:10 | Build | Farm |
| 18:11 | Build | Farm |
| 18:14 | Build | Farm |
| 18:14 | Queue | Villager (Male) |
| 18:17 | Queue | Villager (Male) |
| 18:35 | Queue | Monk |
| 18:47 | Build | Farm |
| 18:50 | Build | Farm |
| 18:56 | Queue | Villager (Male) |
| 19:02 | Build | House |
| 19:04 | Build | House |
| 19:09 | Queue | Villager (Male) |
| 19:20 | Build | House |
| 19:25 | Build | House |
| 19:31 | Queue | Villager (Male) |
| 19:35 | Build | Farm |
| 19:41 | Queue | Villager (Male) |
| 19:42 | Queue | Villager (Male) |
| 19:50 | Queue | Villager (Male) |
| 19:51 | Build | Farm |
| 19:53 | Build | Farm |
| 19:54 | Build | Farm |
| 19:55 | Build | Farm |
| 19:56 | Build | Farm |
| 19:56 | Build | Farm |
| 20:10 | Queue | Monk |
| 20:11 | Queue | Villager (Male) |
| 20:22 | Queue | Villager (Male) |
| 20:24 | Build | House |
| 20:32 | Build | Farm |
| 20:32 | Build | Farm |
| 20:33 | Build | Farm |
| 20:33 | Build | Farm |
| 20:33 | Build | Farm |
| 20:33 | Build | Farm |
| 20:45 | Queue | Villager (Male) |
| 20:49 | Queue | Villager (Male) |
| 20:53 | Build | House |
| 20:54 | Build | House |
| 20:55 | Build | House |
| 20:55 | Build | House |
| 20:59 | Queue | Villager (Male) |
| 21:01 | Build | Farm |
| 21:03 | Build | Farm |
| 21:05 | Build | Farm |
| 21:07 | Queue | Villager (Male) |
| 21:10 | Queue | Mangonel |
| 21:15 | Build | House |
| 21:16 | Build | House |
| 21:17 | Build | House |
| 21:18 | Research | Town Watch |
| 21:27 | Queue | Villager (Male) |
| 21:58 | Queue | Villager (Male) |
| 21:58 | Queue | Villager (Male) |
| 22:00 | Build | Farm |
| 22:02 | Research | Wheelbarrow |
| 22:11 | Queue | Villager (Male) |
| 22:47 | Queue | Villager (Male) |
| 22:47 | Queue | Villager (Male) |
| 23:40 | Build | Town Center |
| 23:47 | Queue | Villager (Male) |
| 23:52 | Build | House |
| 23:53 | Build | House |
| 23:54 | Build | House |
| 23:55 | Build | House |
| 24:00 | Queue | Villager (Male) |
| 24:01 | Queue | Villager (Male) |
| 24:03 | Build | Farm |
| 24:08 | Build | Lumber Camp |
| 24:17 | Queue | Villager (Male) |
| 24:18 | Queue | Villager (Male) |
| 24:19 | Queue | Villager (Male) |
Match timeline
| 9:16 | Fr4ggi · first_building Barracks |
| 10:42 | Sir Winsalot · age_up feudal |
| 10:58 | Fr4ggi · age_up feudal |
| 11:02 | Quando · age_up feudal |
| 11:23 | XTCmlx:f · age_up feudal |
| 11:26 | Eye · age_up feudal |
| 11:33 | PJtheDcoy · age_up feudal |
| 11:34 | Fr4ggi · first_building Stable |
| 11:37 | Relief · age_up feudal |
| 11:58 | jure · age_up feudal |
| 12:26 | Eye · first_market_sell 100 stone |
| 12:27 | Eye · first_market_buy 100 food |
| 12:31 | XTCmlx:f · first_market_buy 100 food |
| 12:39 | XTCmlx:f · first_market_sell 100 wood |
| 13:32 | PJtheDcoy · first_building Barracks |
| 14:38 | Sir Winsalot · age_up castle |
| 14:44 | XTCmlx:f · first_building Barracks |
| 14:50 | Sir Winsalot · first_building Castle |
| 15:03 | Quando · age_up castle |
| 15:15 | Eye · age_up castle |
| 15:26 | XTCmlx:f · age_up castle |
| 15:32 | Sir Winsalot · first_building Siege Workshop |
| 15:33 | Quando · first_building Monastery |
| 15:41 | Relief · age_up castle |
| 15:43 | XTCmlx:f · first_building Siege Workshop |
| 15:50 | Fr4ggi · age_up castle |
| 15:53 | PJtheDcoy · age_up castle |
| 15:56 | jure · age_up castle |
| 16:03 | jure · first_building Monastery |
| 16:04 | Relief · first_building Castle |
| 16:13 | PJtheDcoy · first_building Castle |
| 16:54 | Quando · first_building Siege Workshop |
| 17:05 | Quando · wall_segment Palisade Wall x7 |
| 17:46 | Quando · wall_segment Palisade Wall x1 |
| 18:28 | Relief · first_building Monastery |
| 18:34 | Quando · first_market_sell 100 wood |
| 19:04 | Eye · first_building Castle |
| 21:05 | jure · first_building Barracks |
| 21:48 | Sir Winsalot · first_market_buy 100 stone |
| 21:52 | jure · first_building Stable |
| 23:14 | PJtheDcoy · first_building Siege Workshop |
| 23:28 | Eye · first_building Monastery |
| 23:37 | Quando · first_market_buy 100 stone |
| 24:50 | XTCmlx:f · first_building Castle |
| 25:21 | jure · first_market_buy 100 food |
| 26:09 | Relief · first_building Barracks |
| 27:16 | Fr4ggi · first_building Siege Workshop |
| 27:51 | Quando · wall_segment Stone Wall x4 |
| 27:52 | Quando · wall_segment Stone Wall x1 |
| 28:06 | jure · wall_segment Stone Wall x6 |
| 28:08 | Quando · first_building Castle |
| 28:16 | jure · wall_segment Stone Wall x4 |
| 28:31 | Relief · first_building Stable |
| 28:45 | jure · wall_segment Stone Wall x7 |
| 28:47 | jure · wall_segment Stone Wall x1 |
| 28:47 | Quando · wall_segment Stone Wall x1 |
| 29:02 | Eye · age_up imperial |
| 29:35 | Sir Winsalot · first_building Barracks |
| 29:37 | jure · age_up imperial |
| 29:56 | Relief · first_building Archery Range |
| 30:01 | jure · first_market_sell 100 wood |
| 30:14 | Quando · age_up imperial |
| 30:47 | Eye · tribute_sent a jugador 1 |
| 30:47 | Eye · tribute_sent a jugador 2 |
| 30:47 | Eye · tribute_sent a jugador 3 |
| 30:47 | Eye · tribute_sent a jugador 4 |
| 30:47 | Eye · tribute_sent a jugador 5 |
| 30:47 | Eye · tribute_sent a jugador 6 |
| 30:47 | Eye · tribute_sent a jugador 8 |
| 31:24 | Relief · age_up imperial |
| 31:26 | Fr4ggi · age_up imperial |
| 31:34 | XTCmlx:f · wall_segment Stone Wall x8 |
| 32:14 | Quando · first_building Barracks |
| 32:19 | Sir Winsalot · age_up imperial |
| 32:21 | XTCmlx:f · wall_segment Stone Wall x1 |
| 32:27 | jure · first_building Archery Range |
| 32:50 | Sir Winsalot · first_market_sell 100 food |
| 33:41 | Quando · first_building Archery Range |
| 34:34 | XTCmlx:f · age_up imperial |
| 34:41 | Eye · first_building Barracks |
| 36:08 | PJtheDcoy · age_up imperial |
| 36:50 | jure · first_building Castle |
| 38:43 | Sir Winsalot · wall_segment Stone Wall x1 |
| 38:45 | Sir Winsalot · wall_segment Stone Wall x1 |
| 40:27 | Fr4ggi · first_building Castle |
| 41:34 | Eye · tribute_sent a jugador 1 |
| 41:34 | Eye · tribute_sent a jugador 2 |
| 41:34 | Eye · tribute_sent a jugador 3 |
| 41:34 | Eye · tribute_sent a jugador 4 |
| 41:34 | Eye · tribute_sent a jugador 5 |
| 41:34 | Eye · tribute_sent a jugador 6 |
| 41:34 | Eye · tribute_sent a jugador 8 |
| 42:26 | PJtheDcoy · wall_segment Stone Wall x3 |
| 42:32 | PJtheDcoy · wall_segment Stone Wall x3 |
| 43:39 | PJtheDcoy · wall_segment Stone Wall x5 |
| 44:09 | PJtheDcoy · first_market_buy 500 stone |
| 44:23 | Eye · tribute_sent a jugador 1 |
| 44:23 | Eye · tribute_sent a jugador 2 |
| 44:23 | Eye · tribute_sent a jugador 3 |
| 44:23 | Eye · tribute_sent a jugador 4 |
| 44:23 | Eye · tribute_sent a jugador 5 |
| 44:23 | Eye · tribute_sent a jugador 6 |
| 44:23 | Eye · tribute_sent a jugador 8 |
| 46:06 | jure · tribute_sent a jugador 1 |
| 46:06 | jure · tribute_sent a jugador 2 |
| 46:06 | jure · tribute_sent a jugador 3 |
| 46:06 | jure · tribute_sent a jugador 4 |
| 46:06 | jure · tribute_sent a jugador 6 |
| 46:06 | jure · tribute_sent a jugador 7 |
| 46:06 | jure · tribute_sent a jugador 8 |
| 46:21 | PJtheDcoy · wall_segment Stone Wall x1 |
| 48:01 | Fr4ggi · first_market_sell 500 wood |
| 48:10 | Relief · first_market_sell 500 wood |
| 50:38 | Eye · tribute_sent a jugador 1 |
| 50:38 | Eye · tribute_sent a jugador 2 |
| 50:38 | Eye · tribute_sent a jugador 3 |
| 50:38 | Eye · tribute_sent a jugador 4 |
| 50:38 | Eye · tribute_sent a jugador 5 |
| 50:38 | Eye · tribute_sent a jugador 6 |
| 50:38 | Eye · tribute_sent a jugador 8 |
| 51:19 | Eye · tribute_sent a jugador 1 |
| 51:19 | Eye · tribute_sent a jugador 2 |
| 51:19 | Eye · tribute_sent a jugador 3 |
| 51:19 | Eye · tribute_sent a jugador 4 |
| 51:19 | Eye · tribute_sent a jugador 5 |
| 51:19 | Eye · tribute_sent a jugador 6 |
| 51:19 | Eye · tribute_sent a jugador 8 |
| 52:08 | Quando · wall_segment Stone Wall x7 |
| 53:24 | PJtheDcoy · wall_segment Stone Wall x1 |
| 53:26 | PJtheDcoy · wall_segment Stone Wall x1 |
| 54:31 | Quando · wall_segment Stone Wall x9 |
| 57:43 | Eye · tribute_sent a jugador 1 |
| 57:43 | Eye · tribute_sent a jugador 2 |
| 57:43 | Eye · tribute_sent a jugador 3 |
| 57:43 | Eye · tribute_sent a jugador 4 |
| 57:43 | Eye · tribute_sent a jugador 5 |
| 57:43 | Eye · tribute_sent a jugador 6 |
| 57:43 | Eye · tribute_sent a jugador 8 |
| 57:47 | PJtheDcoy · first_building Archery Range |
| 58:34 | PJtheDcoy · first_building Stable |
| 59:23 | Relief · wall_segment Stone Wall x19 |
| 59:42 | Sir Winsalot · wall_segment Stone Wall x7 |
| 59:48 | Sir Winsalot · wall_segment Palisade Wall x1 |
| 59:55 | XTCmlx:f · first_building Stable |
| 60:04 | Sir Winsalot · wall_segment Palisade Wall x1 |
| 66:28 | PJtheDcoy · resign |
[ AI ANALYSIS · 1 CREDIT ]
What really happened in this match?
Wolo.gg analyzes every decision: build order, eco, micro, common mistakes by bracket. Personalized analysis on WhatsApp or Discord in 30 seconds.
Civ guide
Persians
Perfil
Jugador #6051949